 Dungeon Crawl Stone Soup version 0.21.1-1-g345015fe64 (webtiles) character file.

245 PikkenKukken the Shield-Bearer (level 6, -4/38 HPs)
             Began as a Gargoyle Fighter on June 7, 2018.
             Blown up by Ijyb (15 damage)
             ... with a wand of disintegration (11)
             ... on level 3 of the Dungeon.
             The game lasted 00:08:03 (2507 turns).

PikkenKukken the Shield-Bearer (Gargoyle Fighter)   Turns: 2507, Time: 00:08:04

Health: -4/38      AC: 17    Str: 20    XL:     6   Next: 10%
Magic:  6/6        EV:  4    Int:  8    God:
Gold:   181        SH:  9    Dex: 11    Spells: 5/5 levels left

rFire    . . .     SeeInvis +   a - +0 whip
rCold    . . .     Gourm    .   c - +0 shield
rNeg     + . .     Faith    .   l - +0 plate armour
rPois    ∞         Spirit   .   o - +0 helmet
rElec    +         Reflect  .   (no cloak)
rCorr    .         Harm     .   (no gloves)
MR       .....                  (no boots)
Stlth    ..........             (no amulet)
HPRegen  0.12/turn              g - ring of see invisible
MPRegen  0.10/turn              (no ring)

@: no status effects
A: negative energy resistance 1, electricity resistance, unbreathing,
petrification resistance, rot immunity, AC +4
a: no special abilities


You were on level 3 of the Dungeon.
You were not hungry.

You visited 1 branch of the dungeon, and saw 3 of its levels.

You collected 181 gold pieces.

Inventory:

Hand Weapons
 a - a +0 whip (weapon)
 b - a +3 hunting sling
 k - a +0 flail
Missiles
 m - 58 sling bullets
Armour
 c - a +0 shield (worn)
 l - a +0 plate armour (worn)
 o - a +0 helmet (worn)
 r - a +0 scale mail of magic resistance
Jewellery
 g - a ring of see invisible (left hand)
Wands
 d - a wand of acid (12)
Scrolls
 e - 5 scrolls of identify
 i - a scroll of amnesia
 n - a scroll of remove curse
 p - a scroll of teleportation
 q - a scroll of magic mapping {unknown}
Potions
 h - 3 potions of curing
 j - a potion of heal wounds
Comestibles
 f - 5 rations


   Skills:
 + Level 4.1 Fighting
 + Level 3.9 Maces & Flails
 + Level 1.5 Slings
 + Level 4.1 Armour
 + Level 0.5 Dodging
 + Level 4.3 Shields


You had 5 spell levels left.
You didn't know any spells.

Dungeon Overview and Level Annotations

Branches:
Dungeon (3/15)

Altars:

Annotations:
D:3 Ijyb


Innate Abilities, Weirdness & Mutations

You are resistant to torment.
Your stone body is resilient. (AC +4)
You are immune to poison.
You resist negative energy. (rN+)
You are resistant to electric shocks. (rElec)
You can survive without breathing.
You are immune to petrification.
You are immune to rotting.


Message History

The adder is severely wounded.
You block the adder's attack.
Ijyb zaps a wand.
You are blasted!
Ouch! That really hurt!
It is a wand of disintegration (11).
You are too injured to fight recklessly!
You are too injured to fight recklessly!
You block the adder's attack.
You see here a hand axe.
Your shield and plate armour prevent you from hitting the adder.
The adder is severely wounded.
The adder barely misses you. The adder bites you.
* * * LOW HITPOINT WARNING * * *
You closely miss the adder.
The adder is severely wounded.
The adder bites you but does no damage.
You hit the adder.
You kill the adder!
You hit Ijyb but do no damage. Ijyb hits you but does no damage.
You hit Ijyb but do no damage.
Ijyb zaps a wand.
You are blasted!
You die...

#...........###
#.............#
##.##########.# ##÷.#
#.# ...########
#.#######.
###.......####.#.......
..........##.....#
###.......##.....#
.......<.....##.@#
####.#.....## ##g####
#.......#..#####)...#...
....)...................
#........####...(.#.#...
...#...#..........#.# ..
##.##......##.....# .
##...#...#.##(##### .
.....##..#.#.. ..


You could see Ijyb.

Vanquished Creatures
  The ghost of P0WERM0DE the Shield-Bearer, a weakling DDFi (D:3)
  Terence (D:3)
  Natasha (thrice) (D:2)
  A howler monkey skeleton (D:3)
  2 adders
  An ooze (D:3)
  2 worms (D:2)
  3 dart slugs
  A leopard gecko (D:2)
  An orc (D:3)
  3 giant cockroaches
  3 goblins
  7 hobgoblins
  4 jackals (D:1)
  A quokka (D:2)
  3 bats
  5 frilled lizards (D:1)
  11 kobolds
  6 rats
59 creatures vanquished.

Notes
Turn   | Place    | Note
-------+----------+-------------------------------------------
     0 | D:1      | PikkenKukken the Gargoyle Fighter began the quest for the Orb.
     0 | D:1      | Reached XP level 1. HP: 14/14 MP: 1/1
   127 | D:1      | Reached XP level 2. HP: 19/19 MP: 2/2
   591 | D:1      | Reached XP level 3. HP: 20/23 MP: 3/3
  1163 | D:2      | Noticed Natasha
  1182 | D:2      | Killed Natasha
  1182 | D:2      | Reached XP level 4. HP: 25/29 MP: 4/4
  1188 | D:2      | Noticed Natasha
  1214 | D:2      | Killed Natasha
  1636 | D:2      | Noticed Natasha
  1658 | D:2      | Killed Natasha
  1658 | D:2      | Reached XP level 5. HP: 25/33 MP: 5/5
  2111 | D:3      | Noticed Terence
  2129 | D:3      | Killed Terence
  2144 | D:3      | Noticed P0WERM0DE's ghost (weakling DDFi)
  2178 | D:3      | Killed P0WERM0DE's ghost
  2178 | D:3      | Reached skill level 1 in Slings
  2327 | D:3      | Reached XP level 6. HP: 38/38 MP: 6/6
  2492 | D:3      | Noticed Ijyb
  2507 | D:3      | Blown up by Ijyb

Skill      XL: |  1  2  3  4  5 |
---------------+----------------+-----
Maces & Flails | 3 |  3.9
Shields        | 4 |  4.3
Fighting       | 4 |  4.1
Slings         | 1 |  1.5
Armour         | 4 |  4.1
Dodging        | |  0.5

Action                   |  1- 3 |  4- 6 || total
-------------------------+-------+-------++-------
Melee: Flail             |   105 |       ||   105
       Whip              |    20 |   167 ||   187
 Fire: Hunting sling     |       |    26 ||    26
  Use: Scroll            |     6 |     2 ||     8
       Potion            |     1 |     2 ||     3
  Eat: Chunk             |     1 |     5 ||     6
Armor: Scale mail        |    44 |       ||    44
       Plate armour      |    14 |    87 ||   101
Dodge: Dodged            |    34 |    17 ||    51
Block: Shield            |    52 |    73 ||   125
